Map: Whitewater Line LE

Players

MCanning - Winner!

  • Race: Protoss Protoss
  • Spawn Location: 12:00

Gemini

  • Race: Zerg Zerg
  • League: Diamond
  • Spawn Location: 6:00

RELOAD

  • Race: Protoss Protoss
  • League: Diamond
  • Spawn Location: 7:00

VOD

Have the link to the VOD?

Description

Time

  • Played on: July 15, 2020, 2:54 a.m.
  • Length: 24:28
Show
View Real Time Build Order
Export as new Build Order

MCanning Protoss - Winner!

Build Orders: 1 Gate Expand, Zealot Archon, Dark Templar Rush 

Get SALT Encoding   

  12  0:01  Probe  
  13  0:13  Probe  
  14  0:18  Pylon  
  14  0:25  Probe  
  15  0:35  Probe  
  15  0:39  Gateway  
  16  0:43  Probe  
  16  0:49  Assimilator  
  17  0:51  Probe  
  18  1:04  Probe  
  19  1:16  Probe  
  20  1:29  Nexus  
  20  1:40  Cybernetics Core  
  20  1:41  Probe  
  21  1:50  Pylon  
  21  1:54  Probe  
  22  1:59  Assimilator  
  22  2:06  Probe  
  23  2:11  Stalker  
  23  2:15  Gateway  
  23  2:18  Probe  
  23  2:19  Warp Gate  
  26  2:33  Probe  
  27  2:43  Adept  
  29  2:45  Probe  
  29  2:50  Twilight Council  
  30  2:56  Probe  
  30  2:57  Pylon  
  30  2:58  Probe  
  30  3:04  Probe  
  32  3:06  Probe  
  34  3:13  Probe  
  34  3:14  Pylon  
  34  3:17  Probe  
  36  3:25  Probe  
  37  3:32  Probe  
  37  3:34  Dark Shrine  
  37  3:35  Shield Battery  
  37  3:38  Probe  
  37  3:40  Probe  
  40  3:49  Pylon  
  40  3:50  Probe x2  
  42  4:02  Probe  
  43  4:03  Probe  
  43  4:05  Pylon  
  43  4:07  Stalker  
  43  4:08  Stalker  
  48  4:13  Shield Battery  
  48  4:14  Probe  
  48  4:15  Probe  
  50  4:21  Assimilator  
  50  4:25  Gateway  
  50  4:26  Probe  
  50  4:28  Probe  
  52  4:36  Robotics Facility  
  52  4:38  Probe  
  53  4:42  Probe  
  53  4:43  Assimilator  
  54  4:46  Dark Templar  
  54  4:48  Dark Templar  
  58  5:00  Nexus  
  58  5:13  Probe  
  59  5:15  Probe  
  59  5:16  Gateway  
  59  5:17  Gateway  
  59  5:19  Dark Templar  
  62  5:23  Observer  
  62  5:25  Probe  
  63  5:29  Robotics Bay  
  63  5:31  Probe  
  65  5:37  Probe  
  64  5:43  Probe  
  64  5:49  Probe  
  64  5:52  Forge, Observer  
  64  5:53  Forge  
  64  5:56  Probe  
  65  6:01  Probe  
  65  6:03  Sentry  
  69  6:06  Disruptor  
  69  6:08  Probe, Pylon  
  70  6:13  Probe  
  70  6:14  Blink  
  70  6:16  Gateway  
  74  6:18  Protoss Ground Weapons Level 1  
  74  6:19  Gateway  
  74  6:20  Probe  
  74  6:23  Protoss Ground Armor Level 1  
  74  6:24  Pylon  
  74  6:25  Probe x2  
  76  6:32  Probe  
  78  6:34  Disruptor  
  78  6:37  Probe  
  78  6:38  Probe  
  80  6:44  Probe  
  80  6:45  Photon Cannon  
  84  6:48  Pylon  
  84  6:49  Probe  
  84  6:51  Probe  
  84  6:53  Assimilator  
  86  6:55  Stargate  
  86  6:56  Probe  
  86  6:57  Assimilator  
  86  7:00  Pylon  
  87  7:08  Probe  
  88  7:09  Colossus  
  88  7:10  Probe  
  88  7:12  Probe  
  90  7:18  Gateway  
  90  7:19  Gateway  
  90  7:21  Gateway  
  90  7:22  Pylon  
  96  7:31  Stargate  
  96  7:34  Photon Cannon  
  96  7:35  Phoenix, Zealot x3  
  96  7:36  Zealot  
  106  7:46  Pylon  
  106  7:47  Dark Templar x2  
  110  7:51  Pylon  
  110  7:52  Archon  
  110  7:59  Phoenix  
  110  8:00  Photon Cannon  
  112  8:07  Phoenix  
  112  8:18  Nexus  
  114  8:24  Phoenix  
  114  8:25  Fleet Beacon  
  116  8:32  Probe  
  116  8:38  Protoss Air Weapons Level 1  
  116  8:44  Phoenix  
  116  8:46  Probe  
  119  8:49  Phoenix  
  119  8:51  Protoss Ground Weapons Level 2, Protoss Ground Armor Level 2  
  119  8:52  Pylon  
  119  8:55  Probe  
  122  8:57  Photon Cannon  
  122  8:58  Probe  
  122  9:01  Stalker x3  
  129  9:03  Probe  
  129  9:06  Stalker x2  
  130  9:20  Phoenix x2  
  130  9:22  Probe  
  135  9:36  Photon Cannon  
  135  9:37  Photon Cannon  
  135  9:39  Photon Cannon  
  135  9:40  Shield Battery  
  135  9:41  Colossus  
  135  9:42  Shield Battery  
  135  9:45  Pylon  
  135  9:46  Gateway  
  135  9:48  Zealot x4  
  135  9:49  Zealot x2  
  135  9:50  Extended Thermal Lance  
  146  9:54  Pylon  
  153  10:07  Probe  
  153  10:16  Templar Archives  
  153  10:20  Anion Pulse-Crystals  
  153  10:24  Robotics Facility  
  153  10:30  Assimilator, Charge  
  153  10:32  Probe, Disruptor  
  153  10:33  Assimilator  
  154  10:38  Probe  
  154  10:39  Mothership  
  159  10:43  Probe  
  159  10:46  Pylon, Probe  
  159  10:47  Photon Cannon  
  168  10:56  Photon Cannon  
  164  10:57  Phoenix  
  166  11:08  Warp Prism  
  166  11:10  Probe  
  169  11:17  Protoss Ground Weapons Level 3  
  167  11:22  Disruptor  
  167  11:23  Nexus  
  167  11:25  Pylon  
  170  11:26  Protoss Ground Armor Level 3  
  170  11:30  Probe  
  170  11:31  Zealot  
  170  11:32  Zealot x3  
  179  11:39  Psionic Storm  
  177  11:44  Protoss Air Weapons Level 2, Disruptor  
  174  11:53  Zealot x3  
  175  12:06  Photon Cannon  
  175  12:08  Pylon  
  175  12:11  Photon Cannon  
  175  12:14  Photon Cannon  
  175  12:16  Shield Battery  
  175  12:19  Stargate, Gateway  
  175  12:21  Stargate  
  175  12:25  Pylon  
  175  12:36  Carrier  
  175  12:38  Zealot x2  
  175  12:39  Zealot x3  
  185  12:45  Dark Shrine  
  185  12:46  Carrier  
  197  12:56  Zealot  
  197  12:57  Zealot  
  199  13:03  Probe, Carrier x2  
  196  13:11  Probe x2  
  196  13:12  Probe  
  183  13:29  Probe  
  183  13:30  High Templar x3  
  190  13:35  High Templar  
  190  13:36  High Templar  
  194  13:42  Zealot x3  
  195  13:59  Shadow Stride  
  195  14:08  Assimilator  
  195  14:10  Assimilator  
  195  14:16  Observer  
  194  14:27  Colossus  
  200  14:35  Protoss Shields Level 1  
  200  14:45  Protoss Air Weapons Level 3  
  192  15:12  Dark Templar x5  
  190  15:19  Archon  
  190  15:20  Nexus, Archon  
  190  15:22  Photon Cannon, Shield Battery  
  190  15:23  Pylon  
  181  15:29  Probe  
  182  15:41  High Templar x2  
  186  15:45  Dark Templar x4  
  186  15:46  Dark Templar  
  196  15:50  Assimilator  
  196  15:56  Assimilator  
  196  16:00  Pylon  
  196  16:21  Mothership  
  199  16:25  Carrier  
  195  16:33  Probe  
  192  16:52  Dark Templar x5  
  196  17:17  Nexus  
  196  17:21  Pylon  
  196  17:26  Protoss Shields Level 2  
  196  17:37  Protoss Air Armor Level 1  
  196  17:50  Photon Cannon  
  196  17:52  Photon Cannon  
  196  17:54  Photon Cannon x2  
  196  17:57  Photon Cannon x2, Shield Battery  
  194  17:59  Shield Battery  
  194  18:02  Shield Battery  
  194  18:05  Assimilator  
  194  18:07  Assimilator  
  192  18:13  Stargate  
  192  18:14  Stargate, Gateway  
  192  18:16  Nexus  
  192  18:17  Probe, Gateway  
  192  18:18  Pylon  
  193  18:20  Gateway  
  193  18:22  Pylon  
  173  18:40  Dark Templar x3  
  173  18:41  Dark Templar x4  
  168  19:18  Pylon  
  168  19:21  Probe  
  168  19:23  Pylon  
  159  19:27  Probe  
  154  19:35  Dark Templar x4  
  154  19:36  Dark Templar x5  
  170  19:43  Probe  
  170  19:50  Void Ray x3  
  170  19:51  Void Ray  
  186  19:58  Probe  
  185  20:06  Fleet Beacon  
  185  20:08  Probe  
  185  20:12  Probe  
  187  20:15  Probe  
  187  20:19  Protoss Shields Level 3  
  188  20:22  Pylon  
  188  20:25  Pylon  
  188  20:30  Assimilator  
  188  20:37  Photon Cannon  
  188  20:38  Assimilator  
  188  20:39  Photon Cannon  
  188  20:40  Photon Cannon  
  188  20:42  Photon Cannon  
  188  20:44  Photon Cannon  
  188  20:46  Shield Battery  
  188  20:47  Shield Battery  
  188  20:49  Shield Battery  
  188  20:51  Pylon  
  188  20:54  Dark Templar x5  
  188  20:55  Dark Templar  
  200  21:00  Archon x3  
  192  21:20  Void Ray x2  
  192  21:25  Void Ray  
  172  21:29  Void Ray x2  
  162  21:40  Void Ray  
  162  21:56  Pylon  
  162  22:02  Nexus, Carrier x2  
  162  22:05  Dark Templar  
  162  22:07  Void Ray  
  170  22:21  High Templar  
  168  22:25  Probe x2  
  168  22:26  Probe x4  
  174  22:33  Probe x2  
  174  22:34  Probe x2  
  174  22:38  Probe x2  
  174  22:42  Probe x2  
  174  22:43  High Templar x3  
  186  22:46  Observer  
  186  22:50  Probe  
  190  22:52  Pylon, Probe  
  190  22:53  Zealot  
  193  23:04  Probe  
  193  23:05  Probe x2  
  196  23:13  Zealot x2  
  200  23:42  Photon Cannon  
  200  23:44  Photon Cannon  
  200  23:46  Photon Cannon  
  200  23:47  Shield Battery  
  198  23:49  Shield Battery  
  198  23:50  Pylon  
Show
View Real Time Build Order
Export as new Build Order

Gemini Zerg 

Build Orders: Hatch First, Muta Ling Bane 

Get SALT Encoding   

  12  0:01  Drone  
  13  0:10  Drone  
  14  0:20  Extractor  
  14  0:21  Drone  
  14  0:25  Overlord  
  15  0:44  Drone  
  15  0:45  Drone x2  
  18  1:03  Hatchery  
  17  1:09  Extractor  
  16  1:14  Spawning Pool  
  15  1:21  Drone x2  
  15  1:24  Drone  
  18  1:43  Drone  
  18  1:46  Overlord  
  19  1:55  Drone  
  20  2:18  Queen x2  
  20  2:19  Metabolic Boost  
  20  2:21  Zergling x4  
  27  2:22  Drone  
  27  2:33  Drone x2  
  29  2:43  Drone x2  
  31  3:02  Drone  
  31  3:03  Drone x3  
  35  3:17  Hatchery  
  35  3:18  Drone x2  
  35  3:19  Overlord  
  36  3:20  Overlord  
  36  3:47  Overlord x2  
  36  3:50  Lair  
  36  3:52  Roach Warren, Drone x4  
  36  3:53  Extractor  
  38  3:56  Overlord  
  38  3:58  Overlord  
  38  4:08  Drone x2  
  38  4:09  Drone x4  
  44  4:14  Queen  
  46  4:20  Drone  
  47  4:28  Spore Crawler  
  47  4:30  Spore Crawler  
  45  4:41  Drone x4, Queen  
  45  4:42  Drone x3  
  54  4:52  Glial Reconstitution  
  54  4:59  Drone x7  
  61  5:10  Overseer x2  
  61  5:11  Zergling x2  
  61  5:12  Zergling x8  
  66  5:28  Roach x7  
  68  5:50  Drone x7  
  68  5:52  Overlord  
  71  6:01  Drone x3  
  71  6:02  Drone  
  75  6:04  Spore Crawler  
  74  6:14  Drone x8  
  82  6:21  Pneumatized Carapace  
  82  6:25  Spire  
  81  6:43  Extractor x3  
  81  6:44  Drone x9, Overlord  
  81  6:45  Extractor  
  86  6:51  Queen  
  86  6:52  Queen  
  86  6:53  Overlord  
  86  6:54  Overlord x2  
  90  7:50  Mutalisk x6  
  90  7:51  Mutalisk x3  
  102  7:57  Baneling Nest  
  107  8:04  Hatchery  
  106  8:09  Mutalisk x3  
  112  8:18  Drone x4  
  112  8:19  Drone x6  
  122  8:21  Overlord x2  
  122  8:22  Overlord x7  
  122  8:26  Zerg Flyer Weapons Level 1  
  122  8:48  Mutalisk  
  122  8:49  Mutalisk x4  
  122  8:51  Overlord x2  
  122  8:52  Zergling x6  
  135  8:55  Centrifical Hooks  
  123  9:24  Mutalisk x4  
  122  9:49  Zergling x32  
  138  9:59  Queen  
  140  10:02  Baneling  
  140  10:03  Baneling x9  
  140  10:09  Evolution Chamber  
  140  10:10  Evolution Chamber  
  140  10:11  Drone x7, Extractor  
  144  10:20  Extractor  
  143  10:37  Baneling  
  143  10:38  Baneling x19  
  143  10:39  Ravager x7  
  150  10:52  Zerg Melee Weapons Level 1  
  150  10:55  Zerg Ground Armor Level 1  
  129  11:40  Zergling x42  
  147  11:56  Spore Crawler  
  147  11:59  Spine Crawler x2  
  147  12:00  Drone x8, Spine Crawler x2  
  149  12:11  Baneling, Infestation Pit  
  149  12:12  Baneling x31  
  149  12:13  Baneling x5  
  148  12:20  Roach x10  
  160  12:42  Overlord  
  140  13:56  Hive  
  140  13:58  Zerg Melee Weapons Level 2, Zerg Ground Armor Level 2  
  140  14:03  Ravager  
  140  14:04  Hatchery, Ravager x9  
  149  14:23  Hatchery  
  148  14:25  Corruptor x17  
  148  14:26  Corruptor x3  
  186  15:06  Overlord x3  
  186  15:18  Greater Spire  
  186  15:21  Pathogen Glands  
  185  15:47  Overseer x3  
  167  16:31  Brood Lord  
  167  16:32  Brood Lord x14  
  196  17:16  Extractor  
  196  17:18  Extractor  
  196  17:22  Corruptor x2  
  194  17:28  Zerg Flyer Weapons Level 2  
  198  17:30  Zerg Ground Armor Level 3, Zerg Melee Weapons Level 3  
  198  17:47  Spine Crawler  
  198  17:48  Spore Crawler  
  198  17:49  Spine Crawler  
  198  17:50  Spore Crawler, Spine Crawler  
  193  17:51  Spine Crawler  
  187  18:20  Spine Crawler  
  187  18:21  Spine Crawler  
  187  18:22  Spine Crawler  
  182  18:27  Corruptor  
  182  18:28  Corruptor x9  
  197  19:22  Zergling x8  
  197  19:23  Zergling x16  
  183  19:45  Overseer x3  
  180  20:04  Corruptor x2  
  180  20:05  Corruptor x7  
  198  20:15  Hatchery  
  197  20:41  Zerg Flyer Weapons Level 3  
  197  20:46  Hatchery  
  196  21:08  Extractor  
  196  21:09  Extractor  
  123  21:39  Corruptor x9  
  123  21:47  Overseer  
  123  21:48  Overseer  
  91  22:06  Corruptor  
  75  22:19  Overseer  
  75  22:22  Zergling x22  
  86  22:23  Zergling x26  
  99  22:38  Spine Crawler  
  99  22:40  Spore Crawler  
  99  22:41  Spore Crawler, Spine Crawler x2  
  94  22:45  Spine Crawler  
  93  22:56  Queen  
  93  22:57  Queen  
  97  22:59  Queen x2  
  101  23:24  Hatchery  
  100  23:32  Queen  
  102  23:39  Drone x4  
  102  23:40  Drone x11  
  102  23:41  Drone x3  
  119  23:56  Baneling x3  
  119  23:57  Baneling x23  
Show
View Real Time Build Order
Export as new Build Order

RELOAD Protoss 

Build Orders:  

Get SALT Encoding   

  12  0:01  Probe  
  13  0:18  Probe  
  14  0:24  Pylon  
  14  0:30  Probe  
  15  0:36  Assimilator  
  15  0:42  Probe  
  16  0:46  Gateway  
  16  0:54  Probe  
  17  1:02  Probe  
  17  1:10  Assimilator, Probe  
  19  1:21  Probe  
  20  1:33  Probe  
  20  1:39  Cybernetics Core  
  21  1:45  Probe  
  22  1:54  Nexus  
  22  1:57  Probe  
  23  2:05  Pylon  
  23  2:14  Adept  
  23  2:19  Warp Gate  
  23  2:23  Probe  
  26  2:33  Twilight Council  
  26  2:35  Probe  
  27  2:44  Adept  
  27  2:47  Probe  
  30  2:59  Probe  
  30  3:04  Pylon  
  31  3:05  Charge  
  31  3:11  Probe  
  32  3:16  Probe  
  33  3:23  Probe  
  34  3:28  Probe  
  34  3:32  Pylon  
  35  3:36  Probe  
  35  3:40  Probe  
  37  3:48  Probe  
  38  3:52  Probe  
  38  3:55  Gateway  
  39  3:56  Gateway  
  39  4:00  Probe  
  39  4:01  Gateway  
  40  4:04  Probe  
  40  4:05  Pylon  
  41  4:12  Probe  
  41  4:16  Probe  
  43  4:20  Gateway  
  43  4:21  Gateway  
  43  4:22  Pylon  
  43  4:24  Probe  
  43  4:29  Probe  
  45  4:36  Probe  
  45  4:37  Assimilator  
  46  4:41  Probe  
  46  4:42  Pylon  
  47  4:47  Gateway  
  47  4:48  Probe  
  47  4:50  Gateway  
  48  4:53  Probe  
  49  5:00  Probe  
  49  5:05  Probe  
  51  5:12  Probe  
  48  5:17  Probe  
  38  5:29  Forge  
  38  5:39  Adept x2  
  38  5:40  Adept x4  
  48  5:52  Protoss Ground Weapons Level 1  
  48  6:00  Probe  
  48  6:01  Probe  
  50  6:13  Probe x2  
  52  6:25  Probe x2, Robotics Facility  
  50  6:37  Probe  
  50  6:38  Probe  
  52  6:44  Zealot x2  
  56  6:49  Probe x2  
  58  6:57  Probe x2  
  58  7:05  Probe x2  
  60  7:08  Forge  
  60  7:13  Observer  
  63  7:16  Probe x2  
  65  7:28  Probe x2  
  67  7:34  Protoss Ground Weapons Level 2, Observer  
  68  7:40  Probe x2  
  68  7:41  Assimilator  
  70  7:44  Protoss Ground Armor Level 1  
  70  7:52  Probe x2  
  73  8:04  Probe x2, Nexus  
  75  8:06  Pylon  
  75  8:08  Warp Prism  
  75  8:09  Pylon  
  76  8:16  Probe  
  77  8:22  Assimilator, Probe  
  77  8:23  Pylon  
  78  8:28  Probe  
  78  8:29  Blink  
  78  8:34  Probe  
  80  8:40  Probe  
  67  8:42  Stargate x2  
  67  8:45  Stargate  
  67  8:47  Stargate  
  66  8:55  Probe, Templar Archives  
  67  8:56  Probe  
  68  9:07  Probe  
  68  9:08  Probe  
  70  9:23  Psionic Storm  
  70  9:28  Pylon  
  70  9:43  Zealot x5  
  70  9:44  Zealot x3, Protoss Ground Armor Level 2  
  80  9:53  Probe  
  80  9:59  High Templar  
  71  10:00  Probe  
  71  10:04  Pylon  
  72  10:07  Void Ray  
  72  10:08  Void Ray x3  
  72  10:09  Probe  
  89  10:18  Assimilator, Protoss Ground Weapons Level 3  
  89  10:20  Zealot x5  
  89  10:21  Zealot  
  101  10:26  Probe  
  101  10:27  Pylon  
  102  10:28  Probe  
  102  10:33  Zealot  
  102  10:34  Zealot  
  107  10:54  Probe, Resonating Glaives  
  107  10:56  Probe x2  
  110  11:05  Void Ray x3  
  122  11:12  Fleet Beacon  
  122  11:15  Nexus  
  122  11:18  Pylon  
  122  11:19  Pylon, Cybernetics Core  
  122  11:21  Pylon  
  122  11:29  Protoss Air Weapons Level 1  
  120  11:35  Observer  
  120  11:36  Zealot  
  120  11:37  Zealot x3  
  120  11:38  Zealot x2  
  133  11:49  Zealot x2  
  137  11:54  Probe  
  137  11:56  Probe  
  137  12:01  Assimilator  
  139  12:08  Assimilator  
  139  12:10  Void Ray  
  139  12:11  Void Ray x3  
  139  12:15  Pylon  
  155  12:22  Zealot x2  
  155  12:23  Zealot  
  161  12:32  Protoss Air Armor Level 1  
  161  12:37  Zealot x5  
  163  12:39  Probe  
  163  12:40  Probe x2  
  163  12:43  Observer  
  145  12:53  Void Ray  
  145  12:54  Zealot  
  145  12:55  Zealot x2  
  153  13:00  Stalker  
  153  13:01  Stalker x3  
  160  13:06  Zealot  
  160  13:10  Dark Shrine  
  153  13:14  Probe  
  153  13:15  Probe x3  
  153  13:16  Protoss Ground Armor Level 3  
  157  13:25  Photon Cannon  
  157  13:26  Probe  
  159  13:27  Probe  
  159  13:29  Photon Cannon  
  159  13:30  Photon Cannon  
  159  13:31  Warp Prism  
  157  14:04  Zealot x2  
  157  14:05  Zealot x6  
  173  14:14  Warp Prism, Protoss Air Weapons Level 2  
  164  14:24  Probe  
  164  14:25  Probe x3  
  164  14:29  Shadow Stride  
  164  14:31  Unknown  
  164  14:34  Protoss Shields Level 1  
  164  14:36  Probe  
  164  14:37  Probe x3  
  164  14:38  Void Ray x2  
  161  14:44  Photon Cannon  
  160  14:48  Probe  
  160  14:50  Photon Cannon  
  159  15:03  Probe x4  
  162  15:15  Probe x4  
  162  15:18  Zealot x2  
  162  15:19  Zealot x3  
  143  15:28  Anion Pulse-Crystals  
  143  15:29  Zealot x3  
  133  15:43  Zealot x3  
  133  15:45  Zealot  
  133  15:46  Zealot  
  133  15:48  Void Ray  
  147  15:57  Zealot x3  
  147  16:02  Probe x2  
  147  16:03  Probe x2  
  153  16:12  Observer  
  153  16:14  Probe x2  
  136  16:26  Zealot  
  136  16:27  Zealot x3  
  128  16:39  Zealot x4  
  130  16:45  Warp Prism  
  132  16:48  Void Ray x2  
  140  17:22  Observer  
  137  17:26  Pylon  
  136  17:39  Void Ray  
  136  17:40  Void Ray  
  136  17:42  Void Ray x2  
  136  17:43  Observer  
  153  17:45  Zealot x4  
  153  17:46  Zealot x2  
  165  18:05  Nexus  
  165  18:06  Pylon  
  165  18:08  Assimilator  
  165  18:10  Assimilator  
  165  18:21  Probe x4  
  165  18:22  Void Ray x2  
  165  18:25  Protoss Shields Level 2, Void Ray  
  181  18:33  Probe x2  
  179  18:37  Void Ray  
  157  19:05  Void Ray x2  
  157  19:08  Void Ray  
  153  19:10  Probe x2  
  153  19:11  Probe  
  127  19:20  Void Ray  
  131  19:27  Probe  
  131  19:28  Probe  
  133  19:34  Stargate  
  133  19:35  Stargate  
  133  19:37  Observer  
  134  19:48  Void Ray x2  
  134  19:51  Void Ray  
  146  19:58  Observer  
  147  20:02  Photon Cannon  
  147  20:04  Photon Cannon  
  147  20:20  Observer  
  144  20:24  Zealot x2  
  144  20:25  Zealot x3  
  144  20:26  Zealot x2  
  149  20:43  Protoss Air Weapons Level 3  
  149  20:44  Zealot x2  
  149  20:45  Zealot x2  
  157  20:50  Nexus  
  157  20:53  Pylon  
  157  20:54  Pylon  
  157  20:58  Photon Cannon  
  157  20:59  Photon Cannon x2  
  157  21:11  Robotics Bay  
  151  21:20  Zealot x4  
  151  21:21  Zealot  
  151  21:24  Zealot  
  142  21:50  Photon Cannon  
  142  21:52  Photon Cannon  
  142  21:54  Photon Cannon  
  142  21:57  Photon Cannon  
  142  22:03  Probe x2  
  142  22:04  Probe  
  142  22:07  Immortal  
  152  22:23  Void Ray  
  153  22:46  Immortal  
  157  23:05  Assimilator  
  157  23:20  Photon Cannon  
  157  23:25  Immortal  
  161  23:35  Probe  
  161  23:36  Probe  
  163  23:43  Probe x2  
Tags
 
Add a new tag
Caveats
  • Supply blocks, unpowered buildings, or Contaminate may cause inaccurate times.
  • Supply counts are checked every 10 seconds.